EL
ERIE SEAWOLVES @ CORPUS CHRISTI HOOKS
05/30/2048
 
TOP OF THE 1ST
Erie SeaWolves batting - Pitching for Corpus Christi Hooks : RHP Muckle Wildriver
Pitching: RHP Muckle Wildriver
Batting: RHB Eric Angelle 0-0: Ball
1-0: Foul Ball, location: 2F
1-1: Called Strike
1-2: SINGLE (Line Drive, 5D, EV 94.4 MPH)
Batting: RHB Tony Soto 0-0: Foul Ball, location: 2F
0-1: Foul Ball, location: 2F
0-2: Ball
1-2: Strikes out swinging
Batting: RHB John Evancho 0-0: Ball
Pickoff Throw to First - Error! E1
Eric Angelle to second
1-0: Ball
2-0: Ball
3-0: Base on Balls
Batting: RHB Adam MacConnell 0-0: Called Strike
0-1: Swinging Strike
0-2: Ball
1-2: Ball
2-2: Foul Ball, location: 2F
2-2: Strikes out swinging
Batting: RHB Carlos Armenteros 0-0: Called Strike
0-1: Ball
1-1: Ball
2-1: Fielders Choice at 2nd, 6-4 (Groundball, 56, EV 90.0 MPH)
Top of the 1st over - 0 runs, 1 hit, 1 error, 2 left on base; Erie 0 - Corpus Christi 0
BOTTOM OF THE 1ST
Corpus Christi Hooks batting - Pitching for Erie SeaWolves : RHP Dan Keener
Pitching: RHP Dan Keener
Batting: LHB Bob Dietz 0-0: Ball
1-0: Ball
2-0: Foul Ball, location: 2F
2-1: Ball
3-1: Base on Balls
Batting: LHB John Wagner 0-0: Fly out, F8 (Flyball, 8LD, EV 100.0 MPH)
Batting: RHB Mark Cahill 0-0: Called Strike
Bob Dietz steals 2nd base (no throw)
0-1: Ground out 6-3 (Groundball, 6, EV 90.6 MPH)
Bob Dietz to third
Batting: LHB Chris Cabrera 0-0: Ball
1-0: Ball
2-0: Foul Ball, location: 2F
2-1: Foul Ball, location: 2F
2-2: Foul Ball, location: 2F
2-2: Ground out 6-3 (Groundball, 6, EV 98.1 MPH)
Bottom of the 1st over - 0 runs, 0 hits, 0 errors, 1 left on base; Erie 0 - Corpus Christi 0
TOP OF THE 2ND
Erie SeaWolves batting - Pitching for Corpus Christi Hooks : RHP Muckle Wildriver
Batting: RHB Tanner Purchase 0-0: Ball
1-0: Foul Ball, location: 2F
1-1: Ball
2-1: Swinging Strike
2-2: SINGLE (Line Drive, 56D, EV 103.1 MPH)
Batting: LHB Nick Nino 0-0: Called Strike
Tanner Purchase steals 2nd base (no throw)
0-1: Ball
1-1: Called Strike
1-2: Foul Ball, location: 2F
1-2: DOUBLE (Flyball, 8RXD, EV 110.6 MPH)
Tanner Purchase scores
Batting: RHB Jose Evangelista 0-0: Called Strike
0-1: Foul Ball, location: 2F
0-2: SINGLE (Groundball, 34D, EV 102.5 MPH)
Nick Nino to third
Batting: RHB Mike Sebastian 0-0: Foul Ball, location: 2F
0-1: Foul Ball, location: 2F
0-2: Foul Ball, location: 2F
0-2: Strikes out swinging
Batting: RHB Eric Angelle 0-0: Swinging Strike
0-1: Ball
1-1: Called Strike
1-2: Ball
2-2: Foul Ball, location: 2F
2-2: Ball
3-2: Foul Ball, location: 2F
3-2: Foul Ball, location: 2F
3-2: Strikes out swinging
Batting: RHB Tony Soto 0-0: Ball
1-0: Ball
2-0: SINGLE (Groundball, 6MD, EV 97.5 MPH)
Nick Nino scores
Jose Evangelista to second
Runner from 2nd tries for 3rd, SAFE, throw by CF made to third
Batting: RHB John Evancho 0-0: Ball
1-0: Called Strike
1-1: Called Strike
1-2: Ball
2-2: Ball
3-2: Base on Balls
Tony Soto to second
Batting: RHB Adam MacConnell 0-0: Called Strike
0-1: Ball
1-1: Called Strike
1-2: Foul Ball, location: 2F
1-2: Foul Ball, location: 2F
1-2: Fielders Choice at 2nd, 6-4 (Groundball, 56D, EV 103.1 MPH)
Top of the 2nd over - 2 runs, 4 hits, 0 errors, 3 left on base; Erie 2 - Corpus Christi 0
BOTTOM OF THE 2ND
Corpus Christi Hooks batting - Pitching for Erie SeaWolves : RHP Dan Keener
Batting: LHB Mark Dearth 0-0: Ball
1-0: Ground out 6-3 (Groundball, 6M, EV 91.9 MPH)
Batting: LHB Mitchell Casey 0-0: Foul Ball, location: 2F
0-1: Ball
1-1: Swinging Strike
1-2: Ball
2-2: Ground out U3 (Groundball, 3, EV 81.2 MPH)
Batting: RHB Masaru Konno 0-0: Fly out, F9 (Flyball, 9, EV 81.9 MPH)
Bottom of the 2nd over - 0 runs, 0 hits, 0 errors, 0 left on base; Erie 2 - Corpus Christi 0
TOP OF THE 3RD
Erie SeaWolves batting - Pitching for Corpus Christi Hooks : RHP Muckle Wildriver
Batting: RHB Carlos Armenteros 0-0: Called Strike
0-1: Called Strike
0-2: Foul Ball, location: 2F
0-2: Strikes out swinging
Batting: RHB Tanner Purchase 0-0: Foul Ball, location: 2F
0-1: Ball
1-1: Swinging Strike
1-2: Ball
2-2: Ball
3-2: Strikes out swinging
Batting: LHB Nick Nino 0-0: Called Strike
0-1: Foul Ball, location: 2F
0-2: Ball
1-2: Ground out 4-3 (Groundball, 4, EV 98.1 MPH)
Top of the 3rd over - 0 runs, 0 hits, 0 errors, 0 left on base; Erie 2 - Corpus Christi 0
BOTTOM OF THE 3RD
Corpus Christi Hooks batting - Pitching for Erie SeaWolves : RHP Dan Keener
Batting: RHB Ben Minge 0-0: Ball
1-0: Ground out 5-3 (Groundball, 56, EV 77.5 MPH)
Batting: RHB Joel Vazquez 0-0: Ball
1-0: Ball
2-0: Ground out 4-3 (Groundball, 4, EV 85.6 MPH)
Batting: LHB Bob Dietz 0-0: Ball
1-0: Ball
2-0: Ball
3-0: Called Strike
3-1: Foul Ball, location: 2F
3-2: Foul Ball, location: 2F
3-2: Base on Balls
Batting: LHB John Wagner 0-0: Ball
1-0: Called Strike
Bob Dietz steals 2nd base
1-1: Foul Ball, location: 2F
1-2: Hit by Pitch
Pinch Runner at 1st Bruce Bermudez:
Batting: RHB Mark Cahill 0-0: Foul Ball, location: 2F
0-1: Ball
1-1: Ball
2-1: Swinging Strike
2-2: Fly out, F8 (Line Drive, 78M, EV 106.2 MPH)
Bottom of the 3rd over - 0 runs, 0 hits, 0 errors, 2 left on base; Erie 2 - Corpus Christi 0
TOP OF THE 4TH
Erie SeaWolves batting - Pitching for Corpus Christi Hooks : RHP Muckle Wildriver
Now in CF: Bruce Bermudez
Batting: RHB Jose Evangelista 0-0: Ball
1-0: Ball
2-0: Foul Ball, location: 2F
2-1: Ball
3-1: Base on Balls
Batting: RHB Mike Sebastian 0-0: Ball
1-0: Called Strike
1-1: Ball
2-1: Ball
3-1: Base on Balls
Jose Evangelista to second
Batting: RHB Eric Angelle 0-0: Called Strike
0-1: Called Strike
0-2: Foul Ball, location: 2F
0-2: Foul Ball, location: 2F
0-2: Ball
1-2: Ball
2-2: Strikes out swinging
Batting: RHB Tony Soto 0-0: Ball
1-0: Ball
2-0: Foul Ball, location: 2F
2-1: Ball
3-1: Base on Balls
Jose Evangelista to third
Mike Sebastian to second
Batting: RHB John Evancho 0-0: Ball
1-0: Called Strike
1-1: SINGLE (Groundball, 6MD, EV 108.8 MPH)
Jose Evangelista scores
Mike Sebastian to third
Tony Soto to second
Runner from 3rd tries for Home, SAFE, throw by CF to home
Now in CF: Josh Corkery
Batting: RHB Adam MacConnell 0-0: Swinging Strike
0-1: Grounds into double play, 6-4-3 (Groundball, 6, EV 101.9 MPH)
Top of the 4th over - 2 runs, 1 hit, 0 errors, 1 left on base; Erie 4 - Corpus Christi 0
BOTTOM OF THE 4TH
Corpus Christi Hooks batting - Pitching for Erie SeaWolves : RHP Dan Keener
Batting: LHB Chris Cabrera 0-0: Called Strike
0-1: Ball
1-1: Ball
2-1: Called Strike
2-2: Foul Ball, location: 2F
2-2: Ball
3-2: Base on Balls
Batting: LHB Mark Dearth 0-0: Ball
1-0: Ball
2-0: Ball
3-0: Called Strike
3-1: Called Strike
3-2: Foul Ball, location: 2F
3-2: Ground out 4-3 (Groundball, 34, EV 86.9 MPH)
Chris Cabrera to second
Batting: LHB Mitchell Casey 0-0: Foul Ball, location: 2F
0-1: Ball
1-1: Ball
2-1: SINGLE (Line Drive, 78S, EV 107.5 MPH)
Chris Cabrera to third
Batting: RHB Masaru Konno 0-0: Called Strike
0-1: Fly out, F9 (Flyball, 9S, EV 85.0 MPH)
Batting: RHB Ben Minge 0-0: Fielders Choice at 2nd, 6-4 (Groundball, 6, EV 102.5 MPH)
Bottom of the 4th over - 0 runs, 1 hit, 0 errors, 2 left on base; Erie 4 - Corpus Christi 0
TOP OF THE 5TH
Erie SeaWolves batting - Pitching for Corpus Christi Hooks : RHP Muckle Wildriver
Pitching: RHP Manny Bonilla
Batting: RHB Carlos Armenteros 0-0: Ball
1-0: Foul Ball, location: 2F
1-1: SINGLE (Groundball, 6D, EV 95.6 MPH)
Batting: RHB Tanner Purchase 0-0: Foul Ball, location: 2F
0-1: Called Strike
0-2: Ball
1-2: Fly out, F7 (Flyball, 7, EV 89.4 MPH)
Batting: LHB Nick Nino 0-0: Called Strike
0-1: Reached on error, E2 (Groundball, 2L, EV 68.1 MPH)
Carlos Armenteros to third
Batting: RHB Jose Evangelista 0-0: Ball
1-0: Called Strike
1-1: Ground out 1-3 (Groundball, 15S, EV 70.6 MPH)
Batting: RHB Mike Sebastian 0-0: Ground out 5-3 (Groundball, 56S, EV 86.2 MPH)
Top of the 5th over - 0 runs, 1 hit, 1 error, 2 left on base; Erie 4 - Corpus Christi 0
BOTTOM OF THE 5TH
Corpus Christi Hooks batting - Pitching for Erie SeaWolves : RHP Dan Keener
Batting: RHB Joel Vazquez 0-0: Ball
1-0: Ball
2-0: DOUBLE (Flyball, 8LXD, EV 93.1 MPH)
Batting: LHB Bob Dietz 0-0: 2-RUN HOME RUN (Line Drive, 89XD, EV 105.6 MPH), Distance : 410 ft
Batting: LHB Josh Corkery 0-0: Ball
1-0: Ball
2-0: Ball
3-0: Called Strike
3-1: Swinging Strike
3-2: Strikes out swinging, 2-3 out at first.
Batting: RHB Mark Cahill 0-0: Ball
1-0: Swinging Strike
1-1: Ball
2-1: Swinging Strike
2-2: Ball
3-2: Strikes out swinging, 2-3 out at first.
Batting: LHB Chris Cabrera 0-0: Called Strike
0-1: Ball
1-1: Called Strike
1-2: Ball
2-2: Foul Ball, location: 2F
2-2: Foul Ball, location: 2F
2-2: Ball
3-2: Strikes out looking
Bottom of the 5th over - 2 runs, 2 hits, 0 errors, 0 left on base; Erie 4 - Corpus Christi 2
TOP OF THE 6TH
Erie SeaWolves batting - Pitching for Corpus Christi Hooks : RHP Manny Bonilla
Batting: RHB Eric Angelle 0-0: Ball
1-0: Ground out 5-3 (Groundball, 56S, EV 69.4 MPH)
Batting: RHB Tony Soto 0-0: Ball
1-0: Swinging Strike
1-1: Swinging Strike
1-2: Ball
2-2: Strikes out swinging passed ball, reaches first!
Batting: RHB John Evancho 0-0: Called Strike
0-1: Called Strike
0-2: Ball
1-2: Ball
2-2: Grounds out, U3 (Groundball, 3L, EV 87.5 MPH)
Batting: RHB Adam MacConnell 0-0: SINGLE (Groundball, 56S, EV 63.1 MPH) (infield hit)
Tony Soto to third
Batting: RHB Carlos Armenteros 0-0: Ball
1-0: Ball
2-0: Fly out, F7 (Line Drive, 7LM, EV 96.9 MPH)
Top of the 6th over - 0 runs, 1 hit, 0 errors, 2 left on base; Erie 4 - Corpus Christi 2
BOTTOM OF THE 6TH
Corpus Christi Hooks batting - Pitching for Erie SeaWolves : RHP Dan Keener
Batting: LHB Mark Dearth 0-0: Ball
1-0: DOUBLE (Groundball, 3L, EV 106.2 MPH)
Batting: LHB Mitchell Casey 0-0: Ball
1-0: Ground out 4-3 (Groundball, 4M, EV 90.0 MPH)
Mark Dearth to third
Batting: RHB Masaru Konno 0-0: Ball
1-0: Called Strike
1-1: Ball
2-1: Foul Ball, location: 2F
2-2: Strikes out swinging
Batting: RHB Ben Minge 0-0: Ball
1-0: Called Strike
1-1: Foul Ball, location: 2F
1-2: Foul Ball, location: 2F
1-2: Strikes out swinging
Bottom of the 6th over - 0 runs, 1 hit, 0 errors, 1 left on base; Erie 4 - Corpus Christi 2
TOP OF THE 7TH
Erie SeaWolves batting - Pitching for Corpus Christi Hooks : RHP Manny Bonilla
Pitching: LHP Mike Holloway
Batting: RHB Tanner Purchase 0-0: Called Strike
0-1: Ball
1-1: Ball
2-1: Foul Ball, location: 2F
2-2: Fly out, F9 (Flyball, 89S, EV 90.0 MPH)
Batting: LHB Nick Nino 0-0: Fly out, F8 (Line Drive, 8LM, EV 88.8 MPH)
Batting: RHB Jose Evangelista 0-0: Called Strike
0-1: Swinging Strike
0-2: Strikes out swinging
Top of the 7th over - 0 runs, 0 hits, 0 errors, 0 left on base; Erie 4 - Corpus Christi 2
BOTTOM OF THE 7TH
Corpus Christi Hooks batting - Pitching for Erie SeaWolves : RHP Dan Keener
Pitching: RHP Eddie Hodgson
Batting: RHB Joel Vazquez 0-0: Ball
1-0: Swinging Strike
1-1: Called Strike
1-2: Ball
2-2: Strikes out looking
Batting: LHB Bob Dietz 0-0: Called Strike
0-1: Ball
1-1: Swinging Strike
1-2: Ball
2-2: Foul Ball, location: 2F
2-2: Ball
3-2: Foul Ball, location: 2F
3-2: Base on Balls
Batting: LHB Josh Corkery 0-0: Called Strike
0-1: Ball
1-1: DOUBLE (Line Drive, 89M, EV 95.0 MPH)
Bob Dietz to third
Batting: RHB Mark Cahill 0-0: Ball
1-0: Ball
2-0: Called Strike
2-1: Ball
3-1: Called Strike
3-2: Fly out, F9 (Flyball, 9D, EV 86.9 MPH)
Runner from 3rd tags up, SCORES, no throw by RF
Josh Corkery to third
Batting: LHB Chris Cabrera 0-0: Swinging Strike
0-1: Swinging Strike
0-2: Strikes out swinging
Bottom of the 7th over - 1 run, 1 hit, 0 errors, 1 left on base; Erie 4 - Corpus Christi 3
TOP OF THE 8TH
Erie SeaWolves batting - Pitching for Corpus Christi Hooks : LHP Mike Holloway
Batting: RHB Mike Sebastian 0-0: Ball
1-0: Ground out 4-3 (Groundball, 34, EV 82.5 MPH)
Batting: RHB Eric Angelle 0-0: Foul Ball, location: 2F
0-1: Foul Ball, location: 2F
0-2: Foul Ball, location: 2F
0-2: Foul Ball, location: 2F
0-2: Ball
1-2: Ground out 6-3 (Groundball, 6, EV 86.2 MPH)
Batting: RHB Tony Soto 0-0: Called Strike
0-1: Ball
1-1: Ground out 4-3 (Groundball, 4M, EV 81.9 MPH)
Top of the 8th over - 0 runs, 0 hits, 0 errors, 0 left on base; Erie 4 - Corpus Christi 3
BOTTOM OF THE 8TH
Corpus Christi Hooks batting - Pitching for Erie SeaWolves : RHP Eddie Hodgson
Pitching: RHP Juan Cornejo
Batting: LHB Mark Dearth 0-0: Ball
1-0: Ball
2-0: Called Strike
2-1: Foul Ball, location: 2F
2-2: Ball
3-2: Foul Ball, location: 2F
3-2: Foul Ball, location: 2F
3-2: Base on Balls
Pinch Runner at 1st Dan Castaneda:
Batting: LHB Mitchell Casey 0-0: Ball
Dan Castaneda steals 2nd base
1-0: Called Strike
1-1: Ball
2-1: SINGLE (Flyball, 7S, EV 92.5 MPH)
Dan Castaneda to third
Runner from 3rd tries for Home, SAFE, throw by LF to home
Batting: RHB Masaru Konno 0-0: Foul Ball, location: 2F
0-1: Ball
1-1: Ball
2-1: Ball
3-1: Base on Balls
Mitchell Casey to second
Batting: RHB Ben Minge 0-0: Ball
1-0: Ball
2-0: Foul Ball, location: 2F
2-1: Foul Ball, location: 2F
2-2: Strikes out swinging
Pitching: RHP Andy Thoennes
Pinch Hitting: RHB Sam Spohn 0-0: Foul Ball, location: 2F
0-1: Foul Ball, location: 2F
0-2: Ball
1-2: Ball
2-2: Ball
3-2: Base on Balls
Mitchell Casey to third
Masaru Konno to second
Batting: LHB Bob Dietz 0-0: Ball
1-0: Swinging Strike
1-1: Ball
2-1: Swinging Strike
2-2: Ball
3-2: Base on Balls
Mitchell Casey scores
Masaru Konno to third
Sam Spohn to second
Batting: LHB Josh Corkery 0-0: Ball
1-0: DOUBLE (Flyball, 89XD, EV 98.1 MPH)
Masaru Konno scores
Sam Spohn scores
Bob Dietz to third
Batting: RHB Mark Cahill 0-0: Called Strike
0-1: Ball
1-1: Foul Ball, location: 2F
1-2: Fly out, F4 (Popup, 4M, EV 70.0 MPH)
Batting: LHB Chris Cabrera 0-0: Ball
1-0: Ball
2-0: Ball
3-0: Fly out, F8 (Flyball, 8LD, EV 110.6 MPH)
Bottom of the 8th over - 4 runs, 2 hits, 0 errors, 2 left on base; Erie 4 - Corpus Christi 7
TOP OF THE 9TH
Erie SeaWolves batting - Pitching for Corpus Christi Hooks : LHP Mike Holloway
Pitching: RHP Elroy Meulenkamp
Now at 2B: Derek Moran
Now at 3B: Dan Castaneda
Now at SS: Masaru Konno
Batting: RHB John Evancho 0-0: Ball
1-0: Foul Ball, location: 2F
1-1: Foul Ball, location: 2F
1-2: SINGLE (Line Drive, 34, EV 103.8 MPH)
Batting: RHB Adam MacConnell 0-0: Called Strike
0-1: SINGLE (Groundball, 34D, EV 105.0 MPH) (infield hit)
John Evancho to second
Batting: RHB Carlos Armenteros 0-0: Called Strike
0-1: Foul Ball, location: 2F
0-2: Strikes out swinging
Pinch Hitting: SHB Sean Foley 0-0: Reached on error, E4 (Groundball, 4, EV 83.8 MPH)
John Evancho to third
Adam MacConnell to second
Batting: LHB Nick Nino 0-0: Fielders Choice at 2nd, 6-4 (Groundball, 6, EV 96.9 MPH)
John Evancho scores
Adam MacConnell to third
Batting: RHB Jose Evangelista 0-0: Ball
1-0: DOUBLE (Groundball, 3L, EV 108.1 MPH)
Adam MacConnell scores
Nick Nino to third
Runner from 3rd tries for Home, SAFE, throw by RF to trailing runner, SAFE at third!
Batting: RHB Mike Sebastian 0-0: Ball
1-0: Swinging Strike
1-1: Ball
2-1: SINGLE (Line Drive, 9S, EV 94.4 MPH)
Jose Evangelista scores
Pitching: LHP T.J. Westover
Batting: RHB Eric Angelle 0-0: Ball
1-0: Ball
2-0: Called Strike
Mike Sebastian steals 2nd base
2-1: Ground out 5-3 (Groundball, 56, EV 95.6 MPH)
Top of the 9th over - 4 runs, 4 hits, 1 error, 1 left on base; Erie 8 - Corpus Christi 7
BOTTOM OF THE 9TH
Corpus Christi Hooks batting - Pitching for Erie SeaWolves : RHP Andy Thoennes
Pitching: RHP Cameron Maxwell
Now at 2B: Sean Foley
Now in CF: Nick Nino
Batting: SHB Dan Castaneda 0-0: Called Strike
0-1: Foul Ball, location: 2F
0-2: Strikes out swinging, 2-3 out at first.
Batting: LHB Mitchell Casey 0-0: Ball
1-0: Foul Ball, location: 2F
1-1: Swinging Strike
1-2: SINGLE (Groundball, 6D, EV 95.0 MPH)
Batting: RHB Masaru Konno 0-0: Called Strike
0-1: Fielders Choice at 2nd, 3-6 (Groundball, 34, EV 87.5 MPH)
Batting: RHB Ben Minge 0-0: Ball
1-0: Called Strike
1-1: Swinging Strike
1-2: Foul Ball, location: 2F
1-2: Ball
2-2: Strikes out swinging
Bottom of the 9th over - 0 runs, 1 hit, 0 errors, 1 left on base; Erie 8 - Corpus Christi 7
Tuesday, March 28th , 2023 - OOTP Baseball 23.10 Build 110